Map: Pylon LE

Players

ºKy

  • Race: Zerg Zerg
  • League: Master
  • Spawn Location: 11:00

DeMii - Winner!

  • Race: Protoss Protoss
  • League: Master
  • Spawn Location: 5:00

VOD

Have the link to the VOD?

Description

Time

  • Played on: July 6, 2025, 5:54 p.m.
  • Length: 13:55
Show
View Real Time Build Order
Export as new Build Order

ºKy Zerg 

Build Orders: Hatch First, Lurkers 

Get SALT Encoding   

  12  0:00  Drone  
  13  0:08  Drone  
  14  0:21  Extractor, Drone  
  14  0:26  Overlord  
  15  0:46  Drone  
  16  0:51  Drone  
  16  0:53  Hatchery  
  16  0:54  Drone  
  17  1:03  Drone  
  18  1:09  Extractor  
  17  1:16  Spawning Pool  
  17  1:18  Drone  
  17  1:20  Drone  
  18  1:30  Drone  
  19  1:40  Drone  
  20  1:51  Overlord  
  20  2:03  Drone  
  20  2:05  Queen x2  
  20  2:07  Drone  
  26  2:17  Metabolic Boost  
  26  2:28  Hatchery  
  25  2:30  Zergling x2  
  25  2:33  Zergling x2  
  27  2:39  Drone  
  28  2:46  Queen  
  30  3:05  Drone  
  30  3:14  Drone x5  
  30  3:16  Overlord  
  35  3:23  Drone  
  36  3:33  Overlord  
  36  3:34  Queen  
  36  3:36  Drone x3  
  41  3:44  Drone  
  41  3:45  Drone  
  43  3:53  Drone x3  
  46  3:56  Spore Crawler  
  46  3:58  Spore Crawler  
  46  3:59  Spore Crawler  
  46  4:00  Drone  
  46  4:01  Drone x5  
  47  4:29  Drone  
  47  4:30  Drone x5  
  53  4:38  Overlord x2  
  53  4:39  Drone x5  
  53  4:42  Roach Warren  
  55  5:00  Overlord x2, Drone  
  55  5:01  Drone x8  
  64  5:10  Extractor  
  64  5:11  Extractor  
  64  5:12  Hatchery, Drone x3  
  64  5:21  Zergling x4  
  64  5:22  Zergling x6  
  64  5:24  Roach  
  64  5:25  Roach  
  73  5:38  Lair  
  73  5:42  Overlord x6  
  73  5:47  Overlord  
  73  5:50  Extractor  
  73  5:53  Evolution Chamber, Drone  
  73  5:55  Evolution Chamber  
  71  5:57  Extractor  
  71  5:58  Extractor  
  71  6:01  Roach x4  
  71  6:02  Roach x3  
  83  6:16  Roach  
  83  6:17  Roach x3  
  83  6:18  Zergling x8  
  92  6:26  Roach x4  
  92  6:27  Zergling x8  
  104  6:37  Overseer  
  102  6:48  Roach x4  
  102  6:49  Zergling x2, Roach  
  102  6:50  Zergling x12  
  117  6:56  Queen x3  
  121  7:02  Ravager  
  118  7:15  Zergling x4  
  118  7:16  Zergling x8  
  118  7:17  Overlord, Roach x6  
  133  7:28  Zergling x2  
  133  7:29  Zergling x8  
  131  7:38  Roach  
  131  7:39  Roach x4  
  131  7:41  Zergling x4  
  143  7:48  Zerg Melee Weapons Level 1  
  143  7:53  Overseer  
  142  8:01  Overlord, Drone  
  142  8:02  Overlord x5  
  142  8:06  Ravager  
  140  8:24  Zergling x2  
  140  8:25  Zergling x16  
  148  8:34  Drone  
  148  8:35  Drone x8  
  148  8:40  Hatchery  
  156  8:46  Hydralisk Den  
  156  8:48  Infestation Pit  
  151  8:58  Zergling x18  
  152  9:20  Zergling x16  
  152  9:21  Hydralisk x5  
  152  9:24  Muscular Augments  
  167  9:25  Hive  
  167  9:26  Glial Reconstitution  
  167  9:28  Overseer  
  167  9:35  Hydralisk x2  
  171  9:39  Drone x6  
  171  9:41  Extractor, Queen  
  171  9:42  Extractor  
  177  9:52  Hydralisk x3  
  171  10:16  Hatchery  
  171  10:17  Overlord x3, Extractor  
  171  10:20  Extractor  
  150  10:27  Hydralisk x8  
  139  10:32  Hydralisk  
  111  11:05  Zergling x28  
  111  11:06  Roach  
  111  11:07  Roach x8  
  134  11:19  Zerg Missile Weapons Level 1  
  134  11:20  Drone  
  134  11:21  Drone x5  
  140  11:33  Zergling x4  
  140  11:34  Zergling x12  
  148  11:45  Lurker Den  
  148  11:46  Hydralisk x5  
  143  11:48  Overseer  
  147  12:01  Roach x6  
  147  12:02  Hydralisk  
  147  12:03  Overlord x2  
  147  12:04  Zergling x2  
  147  12:05  Zergling x4  
  128  12:23  Zergling x2  
  128  12:24  Zergling x12  
  128  12:25  Hydralisk x3  
  139  12:32  Roach x5  
  139  12:36  Queen  
  150  12:47  Seismic Spines  
  150  12:49  Lurker  
  150  12:50  Lurker  
  152  13:01  Roach x5  
  152  13:02  Zergling x24  
  174  13:06  Lurker  
  175  13:13  Spore Crawler  
  175  13:14  Spore Crawler, Spine Crawler x2  
  175  13:15  Spine Crawler, Drone x8  
  175  13:16  Spine Crawler  
  175  13:17  Spine Crawler  
  176  13:24  Lurker x3  
Show
View Real Time Build Order
Export as new Build Order

DeMii Protoss - Winner!

Build Orders: 1 Gate Expand, Oracle Opening 

Get SALT Encoding   

  12  0:00  Probe  
  13  0:14  Pylon  
  13  0:15  Probe  
  14  0:23  Probe  
  15  0:33  Probe  
  16  0:44  Gateway  
  16  0:46  Probe  
  17  0:52  Assimilator  
  17  0:58  Probe  
  18  1:10  Probe  
  19  1:22  Probe  
  20  1:34  Nexus  
  20  1:40  Cybernetics Core  
  20  1:46  Pylon  
  20  1:53  Assimilator  
  20  1:55  Probe  
  21  2:06  Adept  
  21  2:07  Probe  
  22  2:19  Probe  
  25  2:23  Stargate  
  25  2:28  Probe  
  25  2:36  Adept  
  25  2:37  Probe  
  28  2:39  Warp Gate  
  29  2:46  Probe  
  29  2:47  Probe  
  31  2:58  Probe  
  32  2:59  Probe, Oracle  
  33  3:10  Probe  
  33  3:11  Probe  
  38  3:19  Gateway, Stalker  
  38  3:22  Probe  
  41  3:31  Pylon  
  41  3:42  Shield Battery  
  41  3:45  Probe  
  42  3:56  Nexus  
  42  3:57  Pylon  
  42  4:00  Oracle  
  45  4:06  Probe  
  46  4:10  Probe  
  46  4:15  Twilight Council  
  47  4:18  Probe  
  47  4:21  Forge  
  47  4:22  Probe  
  49  4:26  Assimilator, Blink  
  49  4:29  Assimilator  
  49  4:30  Probe  
  50  4:35  Probe, Protoss Ground Weapons Level 1  
  50  4:37  Shield Battery  
  51  4:43  Stalker, Probe  
  54  4:47  Probe  
  55  4:55  Probe  
  55  4:59  Probe  
  57  5:07  Probe  
  57  5:11  Probe  
  57  5:12  Gateway  
  57  5:13  Gateway  
  59  5:14  Probe  
  59  5:19  Probe, Oracle  
  64  5:23  Probe  
  64  5:26  Probe  
  66  5:31  Probe  
  66  5:33  Pylon  
  67  5:38  Gateway  
  67  5:39  Gateway, Stalker  
  69  5:46  Stalker  
  69  5:47  Probe  
  69  5:48  Probe  
  73  5:56  Probe  
  74  6:00  Pylon, Probe  
  74  6:01  Probe  
  76  6:06  Templar Archives  
  76  6:07  Stalker x2  
  76  6:08  Probe  
  81  6:11  Stalker  
  81  6:14  Stalker  
  81  6:18  Charge, Probe  
  86  6:20  Probe  
  86  6:22  Probe  
  88  6:28  Photon Cannon  
  88  6:30  Probe  
  88  6:31  Pylon  
  89  6:53  Stalker x5  
  89  6:54  Stalker  
  99  6:55  Probe x2  
  99  6:59  Assimilator  
  101  7:01  Assimilator  
  101  7:25  Probe x2  
  101  7:29  Pylon  
  101  7:30  Pylon x2  
  101  7:35  Protoss Ground Weapons Level 2  
  101  7:41  Psionic Storm  
  101  7:47  Probe x3  
  103  7:54  High Templar x2  
  103  7:55  Zealot x4  
  115  8:00  Probe x3  
  118  8:09  Robotics Facility  
  118  8:11  Gateway  
  118  8:12  Probe x2  
  120  8:13  Gateway, Forge  
  120  8:14  Nexus  
  120  8:15  Gateway  
  120  8:16  High Templar x2  
  120  8:17  Pylon  
  120  8:18  Probe  
  123  8:20  Pylon  
  123  8:24  Probe  
  123  8:25  Probe, Photon Cannon  
  124  8:27  Photon Cannon  
  124  8:31  Probe  
  125  8:34  Pylon  
  125  8:36  Probe  
  125  8:37  Probe  
  127  8:41  Shield Battery  
  127  8:42  Shield Battery  
  127  8:46  High Templar x2  
  127  8:47  Stalker x2  
  127  9:03  Protoss Ground Armor Level 1  
  127  9:04  Zealot x2  
  131  9:12  Zealot x4  
  131  9:13  Zealot  
  131  9:16  Probe  
  141  9:20  Photon Cannon  
  141  9:25  Probe  
  141  9:27  Warp Prism  
  141  9:28  Probe  
  145  9:37  Stargate, Probe  
  146  9:39  Stargate  
  146  9:41  Assimilator  
  146  9:42  Probe  
  146  9:43  Fleet Beacon  
  146  9:44  Assimilator  
  147  9:48  Zealot x3  
  147  9:50  Photon Cannon, Probe  
  147  9:51  Photon Cannon  
  154  9:55  Robotics Facility  
  148  10:04  Zealot x5  
  148  10:05  Zealot  
  148  10:18  Probe  
  135  10:31  Zealot x3  
  135  10:32  Zealot x6  
  139  10:39  Probe x2  
  139  10:45  Probe  
  140  10:53  High Templar x3  
  140  10:55  Nexus  
  140  10:56  Pylon, Assimilator  
  146  10:58  High Templar x4  
  146  10:59  Pylon x2  
  146  11:01  Assimilator  
  146  11:03  Archon x2  
  156  11:04  Carrier  
  152  11:12  Carrier  
  152  11:14  Carrier  
  152  11:17  Probe  
  159  11:19  Protoss Ground Armor Level 2  
  159  11:23  Probe  
  160  11:25  Photon Cannon  
  160  11:26  Stalker x4  
  160  11:27  Shield Battery  
  160  11:29  Observer x2, Photon Cannon  
  160  11:31  Shield Battery  
  170  11:33  Probe x2  
  170  11:35  Protoss Air Weapons Level 1  
  172  11:46  Zealot x2  
  172  11:47  Zealot x2  
  186  12:08  Carrier  
  186  12:10  Zealot x2  
  186  12:11  Zealot x2  
  194  12:16  Probe  
  194  12:21  Photon Cannon  
  194  12:22  Photon Cannon  
  195  12:25  Gateway  
  195  12:26  Gateway  
  195  12:29  Gateway  
  195  12:33  Photon Cannon  
  195  12:41  Probe  
  193  12:53  Pylon  
  193  13:08  Pylon  
  193  13:10  Probe  
  182  13:49  Zealot x8  
  182  13:50  Zealot  
Tags
 
Add a new tag
Caveats
  • Supply blocks, unpowered buildings, or Contaminate may cause inaccurate times.
  • Supply counts are checked every 10 seconds.